 Dungeon Crawl Stone Soup version 0.31-a0-986-g5e6e4ef867 (webtiles) character file.

Game seed: 1567175638645691468

337 LeprechaunX the Changeling (level 6, -8/63 HPs)
             Began as an Octopode Shapeshifter on Nov 24, 2023.
             Mangled by an ogre
             ... wielding a +0 giant club
              (13 damage)
             ... on level 4 of the Dungeon.
             The game lasted 00:02:20 (2713 turns).

LeprechaunX the Changeling (Octopode Shapeshifter)  Turns: 2713, Time: 00:02:21

Health: -8/63      AC: 23    Str: 13    XL:     6   Next: 54%
Magic:  6/6        EV:  2    Int: 12    God:
Gold:   224        SH:  0    Dex: 14    Spells: 5/5 levels left

rFire   . .          .
                       - Unarmed
rCold   . . .        (no shield)
rNeg    . . .        (helmet currently unavailable)
rPois   +            n - amulet of regeneration
rElec   .            o - ring of wizardry
rCorr   .            (no ring)
SInv    .            (no ring)
Will    .....        (no ring)
Stlth   +            (no ring)
HPRegen 1.10/turn    (no ring)
MPRegen 0.10/turn    (no ring)
                     (no ring)

%: wizardry (x1)
@: lethally poisoned (-8 -> -8), tree-form (expiring)
A: stationary, stasis, torment immunity, boosted hp, almost no armour,
(amphibious), 8 rings, (camouflage 1), (gelatinous body 1), (nimble swimmer 1),
(tentacles)
a: no special abilities


You were on level 4 of the Dungeon.
You were a tree.
You visited 1 branch of the dungeon, and saw 4 of its levels.

You collected 224 gold pieces.

Inventory:

Missiles
 m - 3 atropa-tipped darts
Jewellery
 n - an amulet of regeneration (around neck)
 o - a ring of wizardry (left branch)
Talismans
 b - a beast talisman
 c - a flux talisman
Scrolls
 d - 6 scrolls of identify {unknown}
 e - a scroll of amnesia {unknown}
 j - a scroll of brand weapon {unknown}
 l - a scroll of fear {unknown}
 p - a scroll of enchant armour {unknown}
Potions
 f - 3 potions of curing {unknown}
 g - a potion of might {unknown}
 h - 2 potions of degeneration {unknown}
 i - a potion of heal wounds {unknown}
 k - a potion of attraction {unknown}


   Skills:
 + Level 3.2 Fighting
 - Level 2.0 Dodging
 + Level 4.4 Unarmed Combat
 * Level 5.1 Shapeshifting


You had 5 spell levels left.
You didn't know any spells.
Your spell library was empty.

Dungeon Overview and Level Annotations

Branches:
Dungeon (4/15)
 Temple: D:4-7

Altars:
Ashenzari
Okawaru
Uskayaw

Annotations:
D:3 2 transporters, LeprechaunX's ghost, amateur OpSh
D:4 1 runed translucent door


Innate Abilities, Weirdness & Mutations

You are a tree.
Your roots penetrate the ground, keeping you stationary.
You cannot be teleported.
You are immune to unholy pain and torment.
Your maximum health is greatly increased.
You cannot wear most types of armour.
((You are amphibious.))
You can wear up to eight rings at the same time.
((Your skin changes colour to match your surroundings (Stealth+).))
((Your rubbery body absorbs attacks. (AC +1, EV +1)))
((You are camouflaged when in or above water. (Stealth+)))
((You have tentacles for arms and can constrict up to eight enemies at once.))


Message History

The black bear is almost dead.
The black bear goes berserk!
You smack the black bear!
You kill the black bear!
Your Fighting skill increases to level 3!
You have reached level 6!
You hit the scorpion.
The scorpion is lightly wounded.
The scorpion stings you but does no damage.
You closely miss the scorpion.
The scorpion is lightly wounded.
The scorpion stings you but does no damage.
You smack the scorpion!
Your punch misses the scorpion.
The scorpion is severely wounded.
The scorpion stings you.
You are poisoned.
The scorpion poisons you!
You smack the scorpion!
You kill the scorpion!
You feel very sick.
Your Shapeshifting skill increases to level 5!
You hit the giant cockroach.
You kill the giant cockroach!
You feel sick.
You hit the ogre. You punch the ogre.
The ogre is moderately wounded.
You feel sick. The ogre hits you with a +0 giant club!
* * * LOW HITPOINT WARNING * * *
You hit the ogre but do no damage.
The ogre is moderately wounded.
You feel sick.
You hit the ogre.
The ogre is moderately wounded.
You feel sick. The ogre hits you with a +0 giant club.
* * * LOW HITPOINT WARNING * * *
You barely miss the ogre.
The ogre is moderately wounded.
Your transformation is almost over.
You feel sick. The ogre hits you with a +0 giant club!
You die...

#### ####
#B#...#.#.#
#O....#.## #.†#.#
##..## #. ##hg# #.#
##O# #..# ##.♣#
#..# ##..##
#..###..#.#
#..#..#.##
#...#.#.#
#####.#######
#...........#
...####.#########.#
.........>......


You could see an ogre, a hound and a goblin.

Vanquished Creatures
  A black bear (D:4)
  A scorpion (D:4)
  A hound (D:4)
  A jelly (D:4)
  A sleepcap (D:3)
  3 adders
  2 worms (D:2)
  5 ball pythons
  5 endoplasms
  4 giant cockroaches
  9 goblins
  8 hobgoblins
  3 jackals (D:1)
  2 kobolds
  2 quokkas
  9 bats
  3 frilled lizards
  8 rats
68 creatures vanquished.

Notes
Turn   | Place    | Note
-------+----------+-------------------------------------------
     0 | D:1      | LeprechaunX the Octopode Shapeshifter began the quest for
                  | the Orb.
     0 | D:1      | Reached XP level 1. HP: 13/13 MP: 1/1
    81 | D:1      | Reached XP level 2. HP: 16/18 MP: 2/2
   393 | D:1      | Reached XP level 3. HP: 23/23 MP: 3/3
   980 | D:2      | Reached XP level 4. HP: 28/29 MP: 4/4
  1010 | D:2      | Found a broken altar of Ashenzari.
  1481 | D:3      | Reached skill level 4 in Shapeshifting
  1755 | D:3      | Found a transporter.
  1756 | D:3      | Found a transporter.
  1756 | D:3      | Noticed LeprechaunX's ghost (amateur OpSh)
  1761 | D:3      | Reached XP level 5. HP: 35/35 MP: 5/5
  2036 | D:3      | Found an iron altar of Okawaru.
  2428 | D:4      | Found a runed translucent gate.
  2455 | D:4      | Found a hide-covered altar of Uskayaw.
  2689 | D:4      | Noticed a black bear
  2689 | D:4      | Noticed an ogre
  2704 | D:4      | Killed a black bear
  2705 | D:4      | Reached XP level 6. HP: 30/42 MP: 6/6
  2709 | D:4      | Reached skill level 5 in Shapeshifting
  2713 | D:4      | Mangled by an ogre

Illustrated notes

Levels and vault maps discovered:
D:1:      dpeg_arrival_rooms_b, layout_loops_cross
D:2:      layout_loops_ring, basic_altar, amethyst_killhole, st_stairs_4
D:3:      layout_loops_corners, general_overflow_altar, gammafunk_ghost_arena
D:4:      minmay_diamond_boxcup, layout_basic, lemuel_tele_altar,
          gammafunk_ghost_necromancy

Skill      XL: |  1  2  3  4  5  6 |
---------------+-------------------+-----
Fighting       | 2 3 |  3.2
Shapeshifting  | 4 5 |  5.1
Unarmed Combat | 4 |  4.4
Dodging        | |  2.0

Action                     |  1- 3 |  4- 6 || total
---------------------------+-------+-------++-------
  Melee: Unarmed           |    62 |    70 ||   132
         Constrict         |    16 |    14 ||    30
         Tentacles         |    12 |     6 ||    18
         Punch             |     2 |     2 ||     4
    Use: Potion            |       |     1 ||     1
   Stab: Sleeping          |     9 |     7 ||    16
 Armour: Skin              |    31 |    39 ||    70
  Dodge: Dodged            |    42 |    42 ||    84

Table legend: (Time is in decaauts)
 A = Elapsed time spent in this place.
 B = Non-inter-level travel time spent in this place.
 C = Inter-level travel time spent in this place.
 D = Time resting spent in this place.
 E = Time spent auto-exploring this place.
 F = Levels seen in this place.
 G = Mean time per level.
                   A        B        C        D        E       F      G
               +--------+--------+--------+--------+--------+-----+--------+
         Total |   2702 |   2541 |    161 |      0 |   2129 |   4 |  675.5 |
       Dungeon |   2702 |   2541 |    161 |      0 |   2129 |   4 |  675.5 |
               +--------+--------+--------+--------+--------+-----+--------+

Top non-repeatable levels by time:
     D:3: 942 daAuts
     D:2: 745 daAuts
     D:1: 719 daAuts
     D:4: 296 daAuts
